 Dungeon Crawl Stone Soup version 0.19.1 (webtiles) character file.

805 Nihil the Ruffian (level 7, -12/67 HPs)
             Began as a Troll Berserker on Nov 26, 2016.
             Was an Elder of Trog.
             Mangled by an ogre
             ... wielding a +0 giant spiked club
              (35 damage)
             ... on level 6 of the Dungeon.
             The game lasted 00:10:32 (4200 turns).

Nihil the Ruffian (Troll Berserker)                 Turns: 4200, Time: 00:10:34

Health: -12/67     AC:  5    Str: 28    XL:     7   Next: 60%
Magic:  6/6        EV: 11    Int:  3    God:    Trog [****..]
Gold:   351        SH:  0    Dex:  9    Spells: 0 memorised, 6 levels left

rFire  . . .     SeeInvis .       - Unarmed
rCold  . . .     Gourm    +     a - +0 animal skin
rNeg   . . .     Faith    .     (no shield)
rPois  .         Spirit   .     (helmet restricted)
rElec  .         Reflect  .     (no cloak)
rCorr  .         Harm     .     (gloves unavailable)
MR     .....                    (boots unavailable)
Stlth  +.........               (no amulet)
                                (no ring)
                                (no ring)

@: exhausted, slowed, very slow
A: unfitting armour, claws 3, fast metabolism 3, gourmand, regeneration 1,
shaggy fur 1, tough skin 2
a: Berserk, Trog's Hand, Brothers in Arms, Burn Spellbooks, Renounce Religion


You were on level 6 of the Dungeon.
You worshipped Trog.
Trog was greatly pleased with you.
You were not hungry.

You visited 1 branch of the dungeon, and saw 6 of its levels.

You collected 351 gold pieces.

Inventory:

Armour
 a - a +0 animal skin (worn)
Wands
 o - a wand of iceblast (11/15)
 r - a wand of enslavement (13/24)
Scrolls
 c - 3 scrolls of teleportation
 i - 3 scrolls of remove curse
 n - a scroll of blinking
 t - a scroll of recharging
Potions
 d - 2 potions of curing {unknown}
 e - a potion of flight
 f - a potion of cancellation
 g - a potion of cure mutation {unknown}
 h - a potion of mutation {unknown}
 j - a potion of brilliance
 m - a potion of agility {unknown}
 p - a potion of resistance {unknown}
Comestibles
 b - 6 bread rations
 l - 16 fruits
 q - a meat ration


   Skills:
 + Level 3.6 Fighting
 + Level 4.3 Dodging
 + Level 0.9 Stealth
 + Level 7.0 Unarmed Combat


You had 6 spell levels left.
You didn't know any spells.

Dungeon Overview and Level Annotations

Branches:
Dungeon (6/15)
 Temple: D:4-7

Altars:
Gozag
Vehumet

Shops:
D:5 :?


Innate Abilities, Weirdness & Mutations

You are too large for most types of armour.
You have claws for hands.
Your metabolism is lightning-fast.
You like to eat raw meat.
Your natural rate of healing is unusually fast.
You are covered in fur. (AC +1)
You have very tough skin. (AC +2)


Message History

The quokka bites you but does no damage.
The orc hits you with a mace. The orc hits you with a falchion.
Something completely misses you. The quokka bites you.
You mangle the quokka!!
You kill the quokka!
Trog accepts your kill. The orc barely misses you. The orc misses you.
Something hits you but does no damage. The leopard gecko barely misses you.
You mangle the leopard gecko!!
You kill the leopard gecko!
Trog accepts your kill. The orc hits you with a mace.
Something completely misses you. The orc misses you.
You scratch the ogre. You claw the ogre!!
The ogre is severely wounded.
The orc hits you with a mace. Something hits you but does no damage.
The orc hits you with a falchion.
The ogre hits you with a giant spiked club!!
Ouch! That really hurt!
You die...

.......#
......#
.....#
a..>#
#...#
##...#
#..Oo#
#..{@#
#..o.#
#....#
#....#
#....#
#....#
#....#
#....#
#....#


You could see an ogre, a worker ant (wandering) and 2 orcs.

Vanquished Creatures
  3 orc warriors
  A crimson imp (D:5)
  3 centaur skeletons
  A hound (D:5)
  An orc priest (D:4)
  An orc wizard (D:4)
  2 worker ants
  A hound skeleton (D:6)
  A howler monkey skeleton (D:4)
  4 gnolls
  7 adders
  A shadow imp (D:5)
  An ooze (D:3)
  An adder skeleton (D:4)
  3 worms
  3 dart slugs (D:1)
  2 leopard geckos
  19 orcs
  8 bats
  5 giant cockroaches
  6 goblins
  5 hobgoblins
  8 jackals
  2 quokkas
  3 frilled lizards
  A giant cockroach zombie (D:5)
  14 kobolds
  A leopard gecko skeleton (D:5)
  A leopard gecko zombie (D:5)
  A quokka skeleton (D:6)
  A quokka zombie (D:4)
  11 rats
122 creatures vanquished.

Notes
Turn   | Place    | Note
-------+----------+-------------------------------------------
     0 | D:1      | Nihil the Troll Berserker began the quest for the Orb.
     0 | D:1      | Reached XP level 1. HP: 22/22 MP: 0/0
   137 | D:1      | Reached XP level 2. HP: 27/29 MP: 1/1
   333 | D:1      | Reached XP level 3. HP: 18/36 MP: 2/2
   489 | D:1      | Reached ** piety under Trog
   859 | D:2      | Reached skill level 4 in Unarmed Combat
   900 | D:2      | Reached XP level 4. HP: 32/44 MP: 3/3
  1666 | D:3      | Found an opulent altar of Gozag.
  1760 | D:3      | Reached *** piety under Trog
  2027 | D:3      | Reached XP level 5. HP: 53/53 MP: 4/4
  2265 | D:4      | Reached skill level 5 in Unarmed Combat
  2705 | D:4      | Reached XP level 6. HP: 49/61 MP: 5/5
  3226 | D:5      | Entered Level 5 of the Dungeon
  3307 | D:5      | Found Heseuq's Magic Scroll Shop.
  3419 | D:5      | Noticed an orc warrior
  3425 | D:5      | Killed an orc warrior
  3425 | D:5      | Reached skill level 6 in Unarmed Combat
  3429 | D:5      | Reached **** piety under Trog
  3430 | D:5      | Reached XP level 7. HP: 53/67 MP: 6/6
  3489 | D:5      | Found a radiant altar of Vehumet.
  3906 | D:5      | Found Zeoptoq's Book Shoppe.
  4189 | D:6      | Reached skill level 7 in Unarmed Combat
  4200 | D:6      | Mangled by an ogre

Skill      XL: |  1  2  3  4  5  6  7 |
---------------+----------------------+-----
Unarmed Combat | 4 5 6 7 |  7.0
Fighting       | 3 |  3.6
Dodging        | 3 4 |  4.3
Stealth        | |  0.9

Action                   |  1- 3 |  4- 6 |  7- 9 || total
-------------------------+-------+-------+-------++-------
Melee: Unarmed           |   109 |   178 |    41 ||   328
       Punch             |       |     4 |     3 ||     7
Invok: Burn Spellbooks   |       |     1 |       ||     1
       Berserk           |       |       |     2 ||     2
  Use: Potion            |       |     4 |       ||     4
       Scroll            |       |     7 |     1 ||     8
  Eat: Chunk             |     7 |    16 |    13 ||    36
       Meat ration       |       |     1 |       ||     1
Armor: Animal skin       |    35 |    52 |    13 ||   100
       Skin              |       |     3 |       ||     3
Dodge: Dodged            |    54 |    71 |    25 ||   150
